 Dungeon Crawl Stone Soup version 0.31-a0-1074-g0b22e4e0f1 (webtiles) character file.

Game seed: 1955904084875000164

2074 wingedge the Sneak (level 8, -3/64 (67) HPs)
             Began as a Demigod Enchanter on Dec 7, 2023.
             Slain by a wight
             ... wielding a +5 scimitar
              (14 damage)
             ... on level 6 of the Dungeon.
             The game lasted 00:33:31 (6536 turns).

wingedge the Sneak (Demigod Enchanter)              Turns: 6536, Time: 00:33:31

HP:   -3/64 (67)    AC:  3    Str:  9    XL:     8   Next: 77%
MP:   2/14          EV: 19    Int: 23    God:
Gold: 196           SH:  0    Dex: 22    Spells: 1/11 levels left

rFire   + . .        b - +2 dagger (drain)
rCold   + . .        (no shield)
rNeg    + . .        B - +0 robe
rPois   +            q - -2 hat of the Alchemist {rElec rPois rF+ rC+ rN+ Will+ rMut rCorr}
rElec   +            p - +1 cloak {rCorr}
rCorr   +            (no gloves)
SInv    .            h - +0 pair of boots {Stlth+}
Will    +....        (no amulet)
Stlth   +++++        f - +6 ring of intelligence
HPRegen 0.30/turn    d - +5 ring of evasion
MPRegen 0.14/turn

%: resist mutation
@: studying Long Blades, lightly drained, invisible
A: high MP 1, forlorn, divine attributes
a: no special abilities


You were on level 6 of the Dungeon.
You visited 1 branch of the dungeon, and saw 6 of its levels.

You collected 322 gold pieces.
You spent 126 gold pieces at shops.

Inventory:

Hand Weapons
 a - a +1 dagger of venom
 b - a +2 dagger of draining (weapon)
 e - a +1 dagger
 x - a +0 great sword
 C - a +0 shortbow
 H - a +0 long sword
Missiles
 k - 16 poisoned darts (quivered)
 F - a throwing net
Armour
 h - a +0 pair of boots of stealth (worn)
 p - a +1 cloak of preservation (worn)
 q - the -2 hat of the Alchemist (worn) {rElec rPois rF+ rC+ rN+ Will+ rMut rCorr}
   (You found it on level 3 of the Dungeon)

   rF+:       It protects you from fire.
   rC+:       It protects you from cold.
   rElec:     It insulates you from electricity.
   rPois:     It protects you from poison rN+: It protects you from negative
   energy.
   Will+:     It increases your willpower.
   rCorr:     It protects you from acid and corrosion.
   rMut:      It protects you from mutation.
 u - a +0 ring mail
 B - a +0 robe (worn)
 D - a +0 leather armour
Jewellery
 d - a +5 ring of evasion (right hand)
 f - a +6 ring of intelligence (left hand)
 i - a ring of positive energy
Wands
 z - a wand of flame (28)
Scrolls
 g - 3 scrolls of vulnerability
 m - a scroll of teleportation
 r - a scroll of silence
 s - a scroll of enchant weapon {unknown}
 t - 2 scrolls of enchant armour {unknown}
 v - a scroll of revelation {unknown}
 y - 2 scrolls of fog {unknown}
 E - a scroll of summoning
Potions
 j - 2 potions of brilliance {unknown}
 l - a potion of magic {unknown}
 n - a potion of haste {unknown}
 o - 2 potions of attraction
 w - 2 potions of heal wounds {unknown}
 A - a potion of might {unknown}
 G - a potion of degeneration {unknown}


   Skills:
 + Level 4.7 Fighting
 + Level 4.7(4.9) Short Blades
 + Level 1.8(3.5) Long Blades
 - Level 1.0 Throwing
 - Level 1.0 Armour
 - Level 3.0 Dodging
 - Level 6.0 Stealth
 - Level 2.0 Spellcasting
 + Level 5.1 Hexes
 + Level 3.2 Translocations
 - Level 1.0 Ice Magic


You had one spell level left.
You knew the following spells:

 Your Spells              Type           Power      Damage    Failure   Level
a - Ensorcelled Hibernat  Hex/Ice        32%        N/A       5%          2
b - Tukima's Dance        Hex            26%        N/A       4%          3
c - Confusing Touch       Hex            26%        N/A       4%          3
d - Blink                 Tloc           34%        N/A       4%          2

Your spell library contained the following spells:

 Spells                   Type           Power      Damage    Failure   Level
 Lesser Beckoning         Tloc           34%        N/A       4%          2
 Momentum Strike          Conj/Tloc      18%        3d8       10%         2
 Dazzling Flash           Conj/Hex       28%        N/A       13%         3


Dungeon Overview and Level Annotations

Branches:
Dungeon (6/15)             Temple (0/1) D:5

Shops:
D:5 ?=?


Innate Abilities, Weirdness & Mutations

You have an increased reservoir of magic. (+10% MP)
You shall have no god before yourself.
Your divine heritage dramatically boosts your attributes as you level up.


Message History

Training target 6.0 for Stealth reached!
Training target 1.0 for Armour reached!
Your Armour skill increases to level 1!
Your Stealth skill increases to level 6!
You hit the wight.
The wight is lightly damaged.
The wight barely misses you.
You hit the wight but do no damage.
The wight is lightly damaged.
The wight misses you.
Your +0 flail closely misses the wight.
You hit the wight but do no damage.
The wight is lightly damaged.
Your +0 flail falls from the air.
You hit the wight.
The wight is moderately damaged.
The wight closely misses you.
You completely miss the wight.
The wight is moderately damaged.
The wight completely misses you.
Press: ? - help, v - describe, . - travel
Here: a wight, wielding a +5 scimitar and wearing a +0 robe (moderately damaged)
The floor.
Unknown command.
You hit the wight but do no damage.
The wight is moderately damaged.
The wight hits you with a +5 scimitar!
* * * LOW HITPOINT WARNING * * *
You partially resist.
You feel drained.
* * * LOW HITPOINT WARNING * * *
Okay, then.
Unknown command.
Okay, then.
Unknown command.
Press: ? - help, v - describe, . - travel
Here: a wight, wielding a +5 scimitar and wearing a +0 robe (moderately damaged)
The floor.
Unknown command.
You fade into invisibility!
The wight hits you with a +5 scimitar!
You die...

##.....## .....#. .#.....
#.###...#### .. .........
##.......## ##..
..)...... #.........##
#.... ..........
#...##.....###...#
....#.....
######..........#
...##.#... #..........###
##..#.###..
##.........##### ..z....
..# #......<..@[..#
......##..
#..........)z#.###...#
#............#..../..#
#.............z......#
....#......##.##.###.....
..####....##..##.. ....
## .......##..#.## ...
...##.. #....# .. .. ...
.


You could see a wight (unable to see you).

Vanquished Creatures
  Grinder (D:4)
  A wraith (D:5)
  A wyvern (D:6)
  A sky beast (D:6)
  An ogre (D:6)
  An ice beast (D:6)
  A black bear (D:6)
  A centaur (D:5)
  A lemure (D:5)
  3 kobold brigands (D:4)
  2 scorpions
  A howler monkey (D:3)
  A gnoll bouda (D:5)
  3 jellies
  Crazy Yiuf (D:2)
  2 orc priests (D:5)
  2 hounds (D:4)
  A sleepcap (D:3)
  An iguana (D:5)
  2 orc wizards (D:5)
  13 gnolls
  5 adders
  2 white imps (D:5)
  7 worms
  A dart slug (D:2)
  18 orcs
  6 endoplasms
  4 giant cockroaches
  4 goblins
  8 hobgoblins
  3 jackals (D:4)
  46 kobolds
  3 quokkas
  9 ball pythons
  7 bats
  5 frilled lizards
169 creatures vanquished.

Vanquished Creatures (collateral kills)
  A wight (D:6)
  An orc (D:6)
2 creatures vanquished.

Grand Total: 171 creatures vanquished

Notes
Turn   | Place    | Note
-------+----------+-------------------------------------------
     0 | D:1      | wingedge the Demigod Enchanter began the quest for the Orb.
     0 | D:1      | Reached XP level 1. HP: 14/14 MP: 5/5
   251 | D:1      | Reached skill level 1 in Short Blades
   579 | D:1      | Reached XP level 2. HP: 19/20 MP: 7/7
   601 | D:1      | Learned a level 2 spell: Ensorcelled Hibernation
   734 | D:1      | Reached skill level 3 in Stealth
  1317 | D:2      | Reached skill level 1 in Ice Magic
  1430 | D:2      | Reached XP level 3. HP: 27/27 MP: 5/8
  1463 | D:2      | Learned a level 3 spell: Tukima's Dance
  1583 | D:2      | Reached skill level 1 in Fighting
  1774 | D:2      | Reached XP level 4. HP: 25/35 MP: 4/9
  2054 | D:2      | Found a runed translucent door.
  2055 | D:2      | Noticed Crazy Yiuf
  2072 | D:2      | Killed Crazy Yiuf
  2257 | D:3      | Found the -2 hat of the Alchemist {rElec rPois rF+ rC+ rN+
                  | Will+ rMut rCorr}
  2314 | D:3      | Reached XP level 5. HP: 41/41 MP: 7/10
  3371 | D:3      | Reached XP level 6. HP: 42/50 MP: 11/11
  3401 | D:3      | Learned a level 3 spell: Confusing Touch
  3889 | D:4      | Noticed Grinder
  3899 | D:4      | Killed Grinder
  3900 | D:4      | Reached skill level 4 in Stealth
  3900 | D:4      | Reached skill level 5 in Hexes
  3900 | D:4      | Reached XP level 7. HP: 47/57 MP: 10/13
  4005 | D:4      | Learned a level 2 spell: Blink
  4329 | D:4      | Reached skill level 1 in Translocations
  5053 | D:5      | Entered Level 5 of the Dungeon
  5095 | D:5      | Reached skill level 1 in Throwing
  5099 | D:5      | Reached skill level 5 in Stealth
  5222 | D:5      | Found Faoded's Jewellery Shop.
  5251 | D:5      | Found Meqor's Magic Scroll Boutique.
  5254 | D:5      | Noticed a wraith
  5462 | D:5      | Found Xaorghe's Magic Scroll Emporium.
  5465 | D:5      | Bought a scroll of summoning for 104 gold pieces
  5465 | D:5      | Bought a scroll of identify for 22 gold pieces
  5728 | D:5      | Found a staircase to the Ecumenical Temple.
  5917 | D:5      | Killed a wraith
  5918 | D:5      | Reached XP level 8. HP: 55/66 MP: 11/14
  6428 | D:6      | Reached skill level 1 in Long Blades
  6530 | D:6      | Reached skill level 1 in Armour
  6530 | D:6      | Reached skill level 6 in Stealth
  6536 | D:6      | Slain by a wight

Illustrated notes

Levels and vault maps discovered:
D:1:      elethiomel_arrival_infinity_welcomes_careful_drivers, layout_basic,
          minmay_misc_feat_hallway
D:2:      layout_loops_ring, ebering_ecumenical_altar_abandoned, basic_altar,
          uniq_crazy_yiuf_cottage
D:3:      cheibrodos_helix_gallery, layout_loops_ring, minitemple,
          minmay_misc_feat_encased, minmay_curled_crystal,
          nicolae_concentric_dashed_squares_wild, nicolae_wormholes
D:4:      minmay_goblin_kobold_castle, layout_layer_cave, minmay_manual_mail,
          uniq_grinder
D:5:      layout_basic, minmay_temple_entry_glassed_door, serial_shops,
          nicolae_shop_rolled_up, nicolae_shop_hallway_plus,
          nicolae_shop_getting_attention, minmay_misc_feat_pillars,
          serial_bayou_pond_b, uniq_pikel
D:6:      layout_cave_pools, mainiacjoe_overflow_alcove_1,
          corexii_leaking_fountain, minivault_10

Skill      XL: |  1  2  3  4  5  6  7  8 |
---------------+-------------------------+-----
Short Blades   | 1 2 3 4 |  4.7
Dodging        | 2 3 |  3.0
Spellcasting   | 2 |  2.0
Stealth        | 3 4 5 6 |  6.0
Hexes          | 3 4 5 |  5.1
Ice Magic      | 1 |  1.0
Fighting       | 1 2 3 4 |  4.7
Translocations | 2 3 |  3.2
Throwing       | 1 |  1.0
Long Blades    | 1 |  1.8
Armour         | 1 |  1.0

Action                     |  1- 3 |  4- 6 |  7- 9 || total
---------------------------+-------+-------+-------++-------
  Melee: Dagger            |    65 |   117 |   211 ||   393
         Punch             |       |     1 |     4 ||     5
   Cast: Ensorcelled Hiber |    17 |    26 |    33 ||    76
         Confusing Touch   |       |     1 |     6 ||     7
         Tukima's Dance    |       |       |     4 ||     4
  Evoke: Wand              |       |       |     1 ||     1
    Use: Scroll            |       |     5 |     2 ||     7
         Potion            |       |     1 |     2 ||     3
   Stab: Sleeping          |    19 |    23 |    33 ||    75
         Distracted        |       |     2 |       ||     2
         Invisible         |       |     1 |       ||     1
         Confused          |       |     2 |     3 ||     5
 Armour: Robe              |    23 |    23 |    71 ||   117
  Dodge: Dodged            |    26 |    63 |   175 ||   264

Table legend: (Time is in decaauts)
 A = Elapsed time spent in this place.
 B = Non-inter-level travel time spent in this place.
 C = Inter-level travel time spent in this place.
 D = Time resting spent in this place.
 E = Time spent auto-exploring this place.
 F = Levels seen in this place.
 G = Mean time per level.
                   A        B        C        D        E       F      G
               +--------+--------+--------+--------+--------+-----+--------+
         Total |   6463 |   6241 |    222 |   1158 |   2968 |   6 | 1077.2 |
       Dungeon |   6463 |   6241 |    222 |   1158 |   2968 |   6 | 1077.2 |
               +--------+--------+--------+--------+--------+-----+--------+

Top non-repeatable levels by time:
     D:4: 1931 daAuts
     D:1: 1234 daAuts
     D:5: 1130 daAuts
     D:2: 996 daAuts
     D:3: 871 daAuts
     D:6: 298 daAuts
